 Dungeon Crawl Stone Soup version 0.27-a0-1200-g94dc6ad4cf (webtiles) character file.

Game seed: 6122519786995133308

359 polve the Slasher (level 6, -1/37 (47) HPs)
             Began as a Demonspawn Abyssal Knight on May 31, 2021.
             Was a Believer of Lugonu.
             Slain by a wight
             ... wielding a +4 war axe of freezing
              (2 damage)
             ... on level 2 of the Dungeon.
             The game lasted 00:04:08 (3002 turns).

polve the Slasher (Demonspawn Abyssal Knight)       Turns: 3002, Time: 00:04:08

HP:   -1/37 (47)    AC: 11    Str: 14    XL:     6   Next: 37%
MP:   7/7           EV:  4    Int: 16    God:    Lugonu [**....]
Gold: 117           SH:  9    Dex: 13    Spells: 5/5 levels left

rFire    + . .     SeeInvis .   j - +0 long sword
rCold    . . .     Faith    .   i - +0 kite shield
rNeg     . . .     Spirit   .   p - +0 chain mail
rPois    .         Reflect  .   l - +0 helmet {Int+3}
rElec    .         Harm     .   g - +1 cloak {Stlth+}
rCorr    .         Rampage  .   (no gloves)
Will     .....                  (no boots)
Stlth    ..........             t - amulet of magic regeneration
HPRegen  0.12/turn              d - ring of protection from fire
MPRegen  0.35/turn              (no ring)

@: heavily drained
A: demonic guardian 1, powered by death 2
a: Renounce Religion, Depart the Abyss, Bend Space


You were on level 2 of the Dungeon.
You worshipped Lugonu.
Lugonu was pleased with you.
You visited 1 branch of the dungeon, and saw 3 of its levels.
You visited the Abyss 1 time.

You collected 117 gold pieces.

Inventory:

Hand Weapons
 a - a +1 falchion
 j - a +0 long sword (weapon)
Missiles
 m - 7 curare-tipped darts
Armour
 b - a +0 leather armour
 f - a +0 ring mail
 g - a +1 cloak of stealth (worn)
 i - a +0 kite shield (worn)
 l - a +0 helmet of intelligence (worn)
 p - a +0 chain mail (worn)
Jewellery
 d - a ring of protection from fire (left hand)
 n - a ring of ice
 t - an amulet of magic regeneration (around neck)
Scrolls
 c - a scroll of fear {unknown}
 e - 2 scrolls of identify {unknown}
 h - a scroll of fog {unknown}
 k - a scroll of acquirement {unknown}
 o - a scroll of teleportation {unknown}
Potions
 q - a potion of heal wounds
 r - a potion of might
 s - a potion of haste {unknown}


   Skills:
 - Level 3.0 Fighting
 + Level 4.9 Long Blades
 - Level 1.7 Armour
 - Level 0.8 Dodging
 + Level 3.5 Shields
 - Level 2.4 Invocations


You had 5 spell levels left.
You didn't know any spells.
Your spell library was empty.

Dungeon Overview and Level Annotations

Branches:
Dungeon (3/15)

Altars:

Annotations:
D:3 1 transporter


Innate Abilities, Weirdness & Mutations

A weak demonic guardian rushes to your aid.
You regenerate health from kills.


Message History

The wight hits you with a +4 war axe of freezing.
The wight freezes you.
* * * LOW HITPOINT WARNING * * *
Your ufetubus hits the wight but does no damage.
Your ufetubus hits the wight.
Your iron imp barely misses the wight.
The wight barely misses your iron imp.
Your iron imp misses the wight.
The wight hits your iron imp with a +0 halberd.
Your iron imp disappears in a puff of smoke!
Your ufetubus barely misses the wight.
Your ufetubus hits the wight but does no damage.
You block the wight's attack.
Your ufetubus closely misses the wight.
Your ufetubus hits the wight but does no damage.
Your ufetubus disappears in a puff of smoke!
You see here 25 stones.
There is an escape hatch in the ceiling here.
You block the wight's attack. A mysterious force pulls you upwards.
The hatch slams shut behind you.
You hit the wight.
The wight is heavily damaged.
The wight hits you with a +4 war axe of freezing!
A demonic guardian appears!
You feel drained. The wight freezes you.
* * * LOW HITPOINT WARNING * * *
You barely miss the wight.
The wight is heavily damaged.
The wight hits you with a +4 war axe of freezing.
* * * LOW HITPOINT WARNING * * *
You feel drained.
* * * LOW HITPOINT WARNING * * *
The wight freezes you.
* * * LOW HITPOINT WARNING * * *
You hit the wight.
The wight is heavily damaged.
The wight hits you with a +4 war axe of freezing.
* * * LOW HITPOINT WARNING * * *
You feel drained.
* * * LOW HITPOINT WARNING * * *
The wight freezes you.
You die...

#.#.#####...<#.#.# #.# ..#.#
#..###.#.## #.# ..#.# #..#
#.#..# ### ..#.# #..# #.#.##
..#.#####..# #.#.########
...........# #.#.#....#.########
.##.##.....# #.#.......#..##...#
.##.##.#######.#......####.)...#
.##.#..........z@5...## ###..)#
...............####### #####
......########## #######


You could see a wight (ally target) and a friendly white imp (summoned).

Vanquished Creatures
  Sigmund (D:2)
  An orc priest (D:3)
  Robin (D:2)
  2 adders
  2 dart slugs
  8 orcs (D:3)
  4 ball pythons
  10 endoplasms
  A giant cockroach (D:3)
  13 goblins
  7 hobgoblins
  11 jackals
  3 quokkas
  5 bats
  5 frilled lizards
  3 kobolds
  4 rats
81 creatures vanquished.

Vanquished Creatures (collateral kills)
  Crazy Yiuf (D:2)
  An orc (D:3)
  A jackal (D:3)
3 creatures vanquished.

Grand Total: 84 creatures vanquished

Notes
Turn   | Place    | Note
-------+----------+-------------------------------------------
     0 | Abyss:1  | polve the Demonspawn Abyssal Knight began the quest for the
                  | Orb.
     0 | Abyss:1  | Reached XP level 1. HP: 18/18 MP: 2/2
    20 | Abyss:1  | Found a corrupted altar of Lugonu.
   173 | Abyss:1  | Found a corrupted altar of Lugonu.
   220 | Abyss:1  | Found a corrupted altar of Lugonu.
   434 | Abyss:1  | Found a corrupted altar of Lugonu.
   468 | Abyss:1  | Noticed a bone dragon
   498 | Abyss:1  | Noticed a small abomination
   508 | D:1      | Escaped the Abyss
   541 | D:1      | Reached skill level 2 in Long Blades
   603 | D:1      | Reached * piety under Lugonu
   604 | D:1      | Gained mutation: You regenerate a little health from kills.
                  | [demonic ancestry]
   604 | D:1      | Reached XP level 2. HP: 22/24 MP: 3/3
   940 | D:1      | Reached skill level 3 in Long Blades
  1332 | D:1      | Reached XP level 3. HP: 29/29 MP: 4/4
  1532 | D:2      | Noticed Sigmund
  1579 | D:2      | Killed Sigmund
  1580 | D:2      | Reached skill level 4 in Long Blades
  1580 | D:2      | Gained mutation: A weak demonic guardian rushes to your
                  | aid. [demonic ancestry]
  1580 | D:2      | Reached XP level 4. HP: 10/35 MP: 5/5
  1580 | D:2      | Gained mutation: You regenerate health from kills. [demonic
                  | ancestry]
  1580 | D:2      | Reached XP level 5. HP: 11/41 MP: 6/6
  1936 | D:2      | Noticed Robin
  1970 | D:2      | Reached ** piety under Lugonu
  1997 | D:2      | Killed Robin
  2441 | D:2      | Found a runed translucent door.
  2442 | D:2      | Noticed Crazy Yiuf
  2685 | D:2      | Killed Crazy Yiuf
  2686 | D:2      | Reached XP level 6. HP: 31/47 MP: 7/7
  2793 | D:3      | Found a transporter.
  3002 | D:2      | HP: 1/37 [wight/+4 war axe of freezing (1)]
  3002 | D:2      | Slain by a wight

Illustrated notes

Levels and vault maps discovered:
D:1:      heliophobic_arrival_enchanted_forest, layout_basic, minivault_14
D:2:      layout_loops_ring, kennysheep_decorative_pillar,
          chequers_serial_rivers_micro_c, grunt_ministairs_3,
          chequers_serial_rivers_micro_c, uniq_sigmund, uniq_crazy_yiuf_cottage,
          uniq_robin
D:3:      layout_rooms, gammafunk_temple_overflow_arena,
          ebering_ecumenical_altar_box

Skill      XL: |  1  2  3  4  5 |
---------------+----------------+-----
Long Blades    | 2 3 4 |  4.9
Shields        | 2 3 |  3.5
Fighting       | |  3.0
Armour         | |  1.7
Dodging        | |  0.8
Invocations    | |  2.4

Action                   |  1- 3 |  4- 6 || total
-------------------------+-------+-------++-------
Melee: Falchion          |   109 |    10 ||   119
       Unarmed           |     3 |     2 ||     5
       Long sword        |       |   177 ||   177
Invok: Depart the Abyss  |     1 |       ||     1
  Use: Potion            |     4 |     1 ||     5
Armor: Leather armour    |     7 |       ||     7
       Ring mail         |    44 |    33 ||    77
       Skin              |    21 |       ||    21
       Chain mail        |       |    97 ||    97
Dodge: Dodged            |    58 |    47 ||   105
Block: Kite shield       |    36 |    99 ||   135
       Rpst.: Falchion   |    13 |     2 ||    15
       Long sword        |       |    13 ||    13

Table legend: (Time is in decaauts)
 A = Elapsed time spent in this place.
 B = Non-inter-level travel time spent in this place.
 C = Inter-level travel time spent in this place.
 D = Time resting spent in this place.
 E = Time spent auto-exploring this place.
 F = Levels seen in this place.
 G = Mean time per level.
                   A        B        C        D        E       F      G
               +--------+--------+--------+--------+--------+-----+--------+
         Total |   3107 |   3034 |     73 |    174 |   2042 |   4 |  776.8 |
       Dungeon |   2599 |   2526 |     73 |     25 |   1727 |   3 |  866.3 |
         Abyss |    508 |    508 |      0 |    149 |    315 |   1 |  508.0 |
               +--------+--------+--------+--------+--------+-----+--------+

Top non-repeatable levels by time:
     D:2: 1269 daAuts
     D:1: 1039 daAuts
 Abyss:1: 508 daAuts
     D:3: 290 daAuts
